 Dungeon Crawl Stone Soup version 0.19.1-1-g22dce08 (webtiles) character file.

88 kae the Shield-Bearer (level 4, -3/37 HPs)
             Began as a Formicid Fighter on Dec 30, 2016.
             Killed from afar by Sigmund (5 damage)
             ... with a magic dart
             ... on level 2 of the Dungeon.
             The game lasted 00:01:47 (1271 turns).

kae the Shield-Bearer (Formicid Fighter)            Turns: 1271, Time: 00:01:48

Health: -3/37      AC:  5    Str: 22    XL:     4   Next: 81%
Magic:  4/4        EV:  9    Int:  7    God:
Gold:   86         SH:  9    Dex: 10    Spells: 0 memorised, 3 levels left

rFire  . . .     SeeInvis +     a - +0 long sword
rCold  . . .     Gourm    .     l - +0 ring mail
rNeg   . . .     Faith    .     c - +0 shield
rPois  .         Spirit   .     (helmet unavailable)
rElec  .         Reflect  .     (no cloak)
rCorr  .         Harm     .     (no gloves)
MR     .....                    (no boots)
Stlth  ..........               (no amulet)
                                (no ring)
                                (no ring)

@: flying
A: permanent stasis, dig shafts and tunnels, four strong arms, antennae 3
a: Dig, Shaft Self


You were on level 2 of the Dungeon.
You were not hungry.

You visited 1 branch of the dungeon, and saw 2 of its levels.

You collected 86 gold pieces.

Inventory:

Hand Weapons
 a - a +0 long sword (weapon)
Armour
 b - a +0 scale mail
 c - a +0 shield (worn)
 l - a +0 ring mail (worn)
Scrolls
 h - 2 scrolls of remove curse
 i - a scroll of recharging
 m - 3 scrolls of identify
Potions
 d - a potion of might
 e - a potion of ambrosia
 j - a potion of cancellation
Comestibles
 f - 2 bread rations
 g - 8 fruits
 n - a meat ration


   Skills:
 + Level 3.7 Fighting
 * Level 3.4 Long Blades
 + Level 3.8 Armour
 + Level 4.2 Shields


You had 3 spell levels left.
You didn't know any spells.

Dungeon Overview and Level Annotations

Branches:
Dungeon (2/15)

Altars:
Gozag
Hepliaklqana

Annotations:
D:2 Sigmund


Innate Abilities, Weirdness & Mutations

You are under a permanent stasis effect.
You can dig through walls and to a lower floor.
Your four strong arms can wield two-handed weapons with a shield.
You have a pair of large antennae on your head. (SInv)


Message History

You fly up into the air.
It was a potion of curing.
You feel better.
Sigmund points at you and mumbles some strange words.
The puff of flame hits you!
* * * LOW HITPOINT WARNING * * *
As you read the scroll labeled ZONEERGHEINA, it crumbles to dust.
You feel as if something is helping you.
It was a scroll of remove curse.
Sigmund closely misses you.
As you read the scroll labeled LIAFENAISU, it crumbles to dust.
You feel aware of your surroundings.
It was a scroll of magic mapping.
Sigmund closely misses you.
You riposte.
You closely miss Sigmund.
Sigmund is heavily wounded.
As you read the scroll labeled SAXIMY JEEXOBE, it crumbles to dust.
It is a scroll of identify.
You don't have any unidentified items.
Sigmund hits you but does no damage.
You see here a buckler.
Sigmund casts a spell at you. The magic dart hits you!
You die...

**,,*,***#.######.....#####
*,,,*,**,........##########
**,,*,**,........#### #....
*,,*,**,........##.# #....
**,,#,**,........##.###....
*,,,#.***#+######).........
****#.####>................
#......######..........
#.....@# #######....
#......# #.... #.....[#
#.... ##....@######## #####
###..........# #...)†.....#
*##.........# #...........#
#...........#


You could see Sigmund.

Vanquished Creatures
  A gnoll (D:1)
  4 adders (D:2)
  3 oozes
  2 dart slugs
  A ball python (D:2)
  2 bats
  2 giant cockroaches
  2 hobgoblins
  A frilled lizard (D:2)
  5 goblins
  A kobold (D:2)
  4 rats
28 creatures vanquished.

Notes
Turn   | Place    | Note
-------+----------+-------------------------------------------
     0 | D:1      | kae the Formicid Fighter began the quest for the Orb.
     0 | D:1      | Reached XP level 1. HP: 18/18 MP: 1/1
    11 | D:1      | Reached XP level 2. HP: 24/24 MP: 2/2
   190 | D:1      | Reached XP level 3. HP: 23/29 MP: 3/3
   673 | D:2      | Reached skill level 4 in Shields
   857 | D:2      | Found a hazy altar of Hepliaklqana.
   893 | D:2      | Reached XP level 4. HP: 31/35 MP: 4/4
   934 | D:2      | Found an opulent altar of Gozag.
  1237 | D:2      | Noticed Sigmund
  1263 | D:2      | HP: 1/37 [Sigmund/puff of flame (8)]
  1271 | D:2      | Killed from afar by Sigmund

Skill      XL: |  1  2  3 |
---------------+----------+-----
Long Blades    | 3 |  3.4
Shields        | 4 |  4.2
Fighting       | |  3.7
Armour         | |  3.8

Action                   |  1- 3 |  4- 6 || total
-------------------------+-------+-------++-------
Melee: Long sword        |    56 |    46 ||   102
 Abil: Dig               |     1 |     1 ||     2
  Use: Scroll            |     3 |     3 ||     6
       Potion            |       |     4 ||     4
  Eat: Chunk             |       |     1 ||     1
Armor: Scale mail        |     6 |       ||     6
       Ring mail         |    10 |    16 ||    26
Dodge: Dodged            |    15 |    16 ||    31
Block: Shield            |    30 |    33 ||    63
       Rpst.: Long sword |     4 |     5 ||     9
